 Dungeon Crawl Stone Soup version 0.26.1-11-gd32895ea62 (webtiles) character file.

Game seed: 6685793274457166929

702 infcreate the Sneak (level 7, -3/40 HPs)
             Began as a Vampire Necromancer on July 27, 2021.
             Killed by divine providence
             ... invoked by an orc priest
              (9 damage)
             ... on level 5 of the Dungeon.
             The game lasted 00:18:20 (6079 turns).

infcreate the Sneak (Vampire Necromancer)           Turns: 6079, Time: 00:18:21

Health: -3/40      AC:  7    Str:  7    XL:     7   Next: 39%
Magic:  21/21      EV: 14    Int: 17    God:
Gold:   324        SH:  0    Dex: 17    Spells: 4/13 levels left

rFire    . . .     SeeInvis +   x - +0 rapier
rCold    + + .     Faith    .   (no shield)
rNeg     + + +     Spirit   .   a - +0 robe
rPois    ∞         Reflect  .   o - +0 helmet
rElec    .         Harm     .   j - +1 cloak
rCorr    .         Rampage  .   m - +1 pair of gloves
Will     .....                  (no boots)
Stlth    ++++++....             e - amulet of magic regeneration
HPRegen  0.00/turn              Q - ring of stealth
MPRegen  0.42/turn              W - ring of magical power

@: bloodless
A: fangs 3, see invisible, unbreathing
a: Bat Form, Revivify


You were on level 5 of the Dungeon.
You visited 1 branch of the dungeon, and saw 5 of its levels.

You collected 324 gold pieces.


Innate Abilities, Weirdness & Mutations

You do not regenerate when monsters are visible.
You are frail without blood (-20% HP).
You can heal yourself when you bite living creatures.
You are immune to poison.
You have razor-sharp teeth.
You have supernaturally acute eyesight. (SInv)
You can survive without breathing.


   Skills:
 + Level 2.7 Fighting
 + Level 3.1 Short Blades
 + Level 4.2 Dodging
 + Level 6.0 Stealth
 + Level 3.5 Spellcasting
 + Level 5.6 Necromancy


You had 4 spell levels left.
You knew the following spells:

 Your Spells              Type           Power        Failure   Level
a - Animate Skeleton      Necr           44%          1%          1
d - Animate Dead          Necr           11%          16%         4
p - Pain                  Necr           88%          1%          1
v - Vampiric Draining     Necr           11%          4%          3

Your spell library contained the following spells:

 Spells                   Type           Power        Failure   Level
 Agony                    Necr           22%          41%         5

Inventory:

Hand Weapons
 x - a +0 rapier (weapon)
Armour
 a - a +0 robe (worn)
 j - a +1 cloak (worn)
 m - a +1 pair of gloves (worn)
 o - a +0 helmet (worn)
Jewellery
 e - an amulet of magic regeneration (around neck)
 L - an uncursed ring of flight
 Q - a ring of stealth (left hand)
 W - a ring of magical power (right hand)
Wands
 p - a wand of random effects (13)
Scrolls
 f - 3 scrolls of identify {@r1}
 g - a scroll of blinking {unknown}
 h - a scroll of fear {unknown}
 i - 2 scrolls of magic mapping
 n - 2 scrolls of teleportation {@r4}
 q - a scroll of enchant weapon {unknown}
 s - 2 scrolls of fog {unknown}
 t - a scroll of amnesia
 v - 2 scrolls of remove curse {@r2}
Potions
 b - a potion of heal wounds {@q2}
 c - a potion of curing {unknown}
 d - 2 potions of flight {unknown}
 k - a potion of ambrosia {unknown}
 l - 2 potions of attraction
 r - 2 potions of lignification {unknown}
 w - 2 potions of mutation {unknown}

Dungeon Overview and Level Annotations

Branches:
Dungeon (5/15)
 Temple: D:4-7

Altars:
Okawaru
Ru
Yredelemnul

Annotations:
D:3 Grinder
D:4 Menkaure

......##...####........#..#..#
...#..##.....##...#......#####
...##......)......##.........##
..[##....#....................#
..............###......#.....###
...........##..#....o.##.......##
.......##...#.........#..........
......###...#...................#
......####.....T@..............##
......##............####..##...#
.###........(....#### ##.##..##
###..#####........# ##..#..##
..#... #........#####.....##
....######.........#........####
#....##..................)<###.##
....)................##.#..##...#
...#.#.#.#..............##.......


You could see a troll and an orc priest.


Message History

The jelly barely misses you.
The jelly writhes in agony.
The jelly hits you.
* * * LOW HITPOINT WARNING * * *
You are splashed with acid!
* * * LOW HITPOINT WARNING * * *
You are too injured to fight recklessly!
Casting: Pain (safe; 1% risk of failure)
Confirm with . or Enter, or press ? or * to list all spells.
Aiming: Vampiric Draining (dangerous; 4% risk of failure)
Press: ? - help, Shift-Dir - straight line, f/p - jelly
Aim: a jelly (almost dead)
You kill the jelly!
You feel life coursing into your body.
Your Stealth skill increases to level 6!
You start resting.
You are no longer corroded.
Magic restored.
HP restored.
There is a stone staircase leading down here.
You climb downwards.
The troll bites you. The troll closely misses you. The troll claws you.
The troll closely misses you. The troll claws you! The troll claws you.
There is a stone staircase leading up here.
The orc priest shouts!
The troll bites you!
* * * LOW HITPOINT WARNING * * *
The troll claws you but does no damage. The troll closely misses you.
The orc priest mumbles some strange prayers to Beogh against you.
Beogh smites you!
You die...

Skill      XL: |  1  2  3  4  5  6  7 |
---------------+----------------------+-----
Short Blades   | 1 2 3 |  3.1
Fighting       | 1 2 |  2.7
Stealth        | 4 5 6 |  6.0
Dodging        | 3 4 |  4.2
Necromancy     | 5 |  5.6
Spellcasting   | 3 |  3.5

Action                   |  1- 3 |  4- 6 |  7- 9 || total
-------------------------+-------+-------+-------++-------
Melee: Short sword       |    18 |    42 |       ||    60
       Bite              |     1 |     6 |     4 ||    11
       Rapier            |       |    23 |    16 ||    39
 Cast: Pain              |    77 |   129 |    18 ||   224
       Vampiric Draining |       |     8 |     5 ||    13
 Abil: Exsanguinate      |     1 |       |       ||     1
  Use: Scroll            |     4 |     9 |       ||    13
 Stab: Sleeping          |     3 |    16 |       ||    19
Armor: Robe              |     3 |    29 |    15 ||    47
Dodge: Dodged            |    14 |    77 |    28 ||   119

Levels and vault maps discovered:
D:1:      scummos_arrival_simple_fountains, layout_basic
D:2:      wad_crossroads, layout_basic, okawaru_ov_weapons_minmay,
          lemuel_round_altar
D:3:      layout_loops_ring, yredelemnul_forgotten_temple_becter, hex_large,
          uniq_grinder
D:4:      layout_basic, kennysheep_mini, uniq_menkaure
D:5:      layout_cave_pools, minmay_manual_monstrance

Notes
Turn   | Place    | Note
-------+----------+-------------------------------------------
     0 | D:1      | infcreate the Vampire Necromancer began the quest for the
                  | Orb.
     0 | D:1      | Reached XP level 1. HP: 13/13 MP: 3/3
   163 | D:1      | Reached XP level 2. HP: 17/20 MP: 0/5
   218 | D:1      | Learned a level 1 spell: Animate Skeleton
   706 | D:1      | Reached XP level 3. HP: 21/25 MP: 1/6
   983 | D:1      | Reached skill level 1 in Short Blades
  1195 | D:2      | Learned a level 3 spell: Vampiric Draining
  1241 | D:2      | Found a sacrificial altar of Ru.
  1513 | D:2      | Found an iron altar of Okawaru.
  1542 | D:2      | Reached skill level 1 in Fighting
  1542 | D:2      | Reached skill level 4 in Stealth
  1834 | D:2      | Reached XP level 4. HP: 25/25 MP: 3/7
  2489 | D:3      | Reached skill level 3 in Dodging
  2636 | D:3      | Found a basalt altar of Yredelemnul.
  3063 | D:3      | Reached XP level 5. HP: 23/29 MP: 3/9
  3352 | D:3      | Reached skill level 2 in Short Blades
  3407 | D:3      | Reached skill level 5 in Necromancy
  3623 | D:3      | Noticed Grinder
  3724 | D:3      | Paralysed by Grinder for 3 turns
  3944 | D:4      | Noticed a phantom
  4100 | D:4      | Noticed a phantom
  4231 | D:4      | Reached skill level 5 in Stealth
  4240 | D:4      | Learned a level 4 spell: Animate Dead
  4380 | D:4      | Reached XP level 6. HP: 35/35 MP: 10/10
  4451 | D:4      | Noticed Menkaure
  4860 | D:4      | Reached skill level 2 in Fighting
  4860 | D:4      | Reached skill level 3 in Spellcasting
  5012 | D:5      | Entered Level 5 of the Dungeon
  5478 | D:5      | Reached skill level 4 in Dodging
  5478 | D:5      | Reached XP level 7. HP: 33/40 MP: 12/12
  5574 | D:5      | Reached skill level 3 in Short Blades
  5824 | D:5      | Noticed a troll
  5874 | D:4      | Reached skill level 6 in Stealth
  6079 | D:5      | Killed from afar by an orc priest

Vanquished Creatures
  2 ogres
  3 hounds
  2 orc wizards
  An orc priest (D:2)
  3 jellies
  2 worker ants
  9 adders
  A shadow imp (D:5)
  An ooze (D:1)
  2 adder skeletons
  A worm (D:4)
  4 dart slugs (D:1)
  7 leopard geckos
  9 orcs
  6 bats
  8 giant cockroaches
  9 goblins
  11 hobgoblins
  2 jackals
  4 quokkas
  A ball python (D:3)
  6 frilled lizards
  A jackal zombie (D:5)
  11 kobolds
  A quokka skeleton (D:5)
  8 rats
  A spectral orc (D:3)
116 creatures vanquished.

Table legend: (Time is in decaauts)
 A = Elapsed time spent in this place.
 B = Non-inter-level travel time spent in this place.
 C = Inter-level travel time spent in this place.
 D = Time resting spent in this place.
 E = Time spent auto-exploring this place.
 F = Levels seen in this place.
 G = Mean time per level.
                   A        B        C        D        E       F      G
               +--------+--------+--------+--------+--------+-----+--------+
         Total |   6099 |   4447 |   1652 |   2080 |      0 |   5 | 1219.8 |
       Dungeon |   6099 |   4447 |   1652 |   2080 |      0 |   5 | 1219.8 |
               +--------+--------+--------+--------+--------+-----+--------+

Top non-repeatable levels by time:
     D:3: 1491 daAuts
     D:2: 1385 daAuts
     D:1: 1253 daAuts
     D:4: 1200 daAuts
     D:5: 768 daAuts

Table legend:
 A = Non-vault XP
 B = Vault XP
 C = Vault XP percentage of total XP
 D = Non-vault monster count
 E = Vault monster count
 F = Vault count percentage of total count
                 A         B        C        D         E       F
            +---------+---------+-------+---------+---------+-------
      Total |     913 |      91 |   9.1 |     109 |       7 |   6.0
            +---------+---------+-------+---------+---------+-------
        D:1 |      62 |       0 |   0.0 |      29 |       0 |   0.0
        D:2 |      91 |       7 |   7.1 |      21 |       4 |  16.0
        D:3 |     143 |       1 |   0.7 |      30 |       1 |   3.2
        D:4 |     260 |      83 |  24.2 |      12 |       2 |  14.3
        D:5 |     357 |       0 |   0.0 |      17 |       0 |   0.0
            +---------+---------+-------+---------+---------+-------
